 Dungeon Crawl Stone Soup version 0.21.1-1-g345015fe64 (webtiles) character file.

192 Henning the Chopper (level 5, -3/47 HPs)
             Began as a Minotaur Berserker on June 14, 2018.
             Was a Believer of Trog.
             Slain by an ooze (5 damage)
             ... on level 2 of the Dungeon.
             The game lasted 00:04:17 (1506 turns).

Henning the Chopper (Minotaur Berserker)            Turns: 1506, Time: 00:04:19

Health: -3/47      AC:  1    Str: 22    XL:     5   Next: 42%
Magic:  4/4        EV:  8    Int:  4    God:    Trog [**....]
Gold:   92         SH:  0    Dex: 10    Spells: 4/4 levels left

rFire    . . .     SeeInvis .   a - +0 hand axe
rCold    . . .     Gourm    .   (no shield)
rNeg     . . .     Faith    .   g - +0 chain mail
rPois    .         Spirit   .   (helmet restricted)
rElec    .         Reflect  .   (no cloak)
rCorr    .         Harm     .   (no gloves)
MR       ++...                  (no boots)
Stlth    ..........             (no amulet)
HPRegen  1.15/turn              (no ring)
MPRegen  0.09/turn              (no ring)

@: corroded, berserk cooldown, regenerating, slowed, very slow
A: retaliatory headbutt, horns 2
a: Berserk, Trog's Hand, Burn Spellbooks, Renounce Religion


You were on level 2 of the Dungeon.
You worshipped Trog.
Trog was pleased with you.
You were not hungry.

You visited 1 branch of the dungeon, and saw 2 of its levels.

You collected 92 gold pieces.

Inventory:

Hand Weapons
 a - a +0 hand axe (weapon)
Armour
 g - a +0 chain mail (worn)
Scrolls
 b - a scroll of enchant weapon {unknown}
 d - 4 scrolls of identify {unknown}
 e - a scroll of enchant armour {unknown}
 f - 2 scrolls of remove curse {unknown}
 k - a scroll of fog {unknown}
Potions
 i - a potion of flight {unknown}
 j - a potion of heal wounds {unknown}
 l - a potion of ambrosia {unknown}
 m - a potion of haste {unknown}
Comestibles
 c - 4 rations


   Skills:
 + Level 4.9 Fighting
 + Level 5.6 Axes
 + Level 4.0 Armour
 + Level 2.4 Dodging
 + Level 0.1 Stealth


You had 4 spell levels left.
You didn't know any spells.

Dungeon Overview and Level Annotations

Branches:
Dungeon (2/15)

Altars:


Innate Abilities, Weirdness & Mutations

You reflexively headbutt those who attack you in melee.
You have a pair of horns on your head.


Message History

You are exhausted.
You feel yourself slow down.
Eat a chunk of flesh? (ye/n/q)
You eat the chunk of flesh.
This raw flesh tastes terrible.
The ooze hits you.
* * * LOW HITPOINT WARNING * * *
The ooze barely misses you. You furiously retaliate!
You headbutt the ooze! The ooze closely misses you.
You hit the ooze.
You headbutt the ooze, but do no damage.
The ooze is almost dead.
You hit the ooze but do no damage. You hit the ooze.
You feel the effects of Trog's Hand fading.
The ooze hits you.
* * * LOW HITPOINT WARNING * * *
The ooze hits you.
* * * LOW HITPOINT WARNING * * *
The ooze closely misses you. The ooze hits you.
* * * LOW HITPOINT WARNING * * *
The ooze hits you.
You die...

#...........#
#.##
####........#
#(.#
##########
##.#####
###########
#......
#$P.......#
#......
#...÷.....#
#......
#..÷P.P.P÷#
#......
#.....JJ..#
#......
#÷P.P.J@÷÷#
#......
#.........#
#......
########'##
##.....
##..)...##
#.....
#.########
#.....
##..'....#
####).
####....# ##.
#.......# #.
#.......#
######


You could see 3 oozes.

Vanquished Creatures
  2 jellies (D:2)
  4 gnolls (D:2)
  An adder (D:2)
  7 oozes (D:2)
  A worm (D:2)
  2 dart slugs
  A leopard gecko (D:2)
  3 giant cockroaches
  2 hobgoblins
  3 jackals (D:2)
  13 kobolds (D:2)
  6 bats (D:2)
  2 frilled lizards
  4 goblins
  2 rats (D:2)
53 creatures vanquished.

Vanquished Creatures (others)
  A fungus (D:2)
  8 toadstools (D:2)
9 creatures vanquished.

Grand Total: 62 creatures vanquished

Notes
Turn   | Place    | Note
-------+----------+-------------------------------------------
     0 | D:1      | Henning the Minotaur Berserker began the quest for the Orb.
     0 | D:1      | Reached XP level 1. HP: 19/19 MP: 0/0
   677 | D:2      | Reached XP level 2. HP: 27/27 MP: 1/1
   696 | D:2      | Reached skill level 4 in Axes
   696 | D:2      | Reached XP level 3. HP: 8/34 MP: 2/2
  1073 | D:2      | Reached XP level 4. HP: 38/41 MP: 3/3
  1112 | D:2      | Reached ** piety under Trog
  1480 | D:2      | Reached skill level 5 in Axes
  1480 | D:2      | Reached XP level 5. HP: 37/47 MP: 4/4
  1506 | D:2      | HP: 2/47 [ooze (5)]
  1506 | D:2      | Slain by an ooze

Skill      XL: |  1  2  3  4  5 |
---------------+----------------+-----
Fighting       | 4 |  4.9
Axes           | 4 5 |  5.6
Armour         | 3 4 |  4.0
Dodging        | |  2.4
Stealth        | |  0.1

Action                   |  1- 3 |  4- 6 || total
-------------------------+-------+-------++-------
Melee: Hand axe          |    66 |    68 ||   134
       Headbutt          |    16 |    15 ||    31
Invok: Berserk           |       |     1 ||     1
       Trog's Hand       |       |     1 ||     1
  Eat: Chunk             |       |     3 ||     3
Armor: Chain mail        |    54 |    35 ||    89
       Leather armour    |     1 |       ||     1
Dodge: Dodged            |    28 |    37 ||    65
